 Dungeon Crawl Stone Soup version 0.30-a0-465-g8901f6c8b5 (webtiles) character file.

Game seed: 18092782748065724417

738 brightshaft the Cudgeller (level 7, -3/58 HPs)
             Began as a Gnoll Reaver on Dec 18, 2022.
             Was a Follower of Ashenzari.
             Slain by Duvessa
             ... wielding a +0 short sword
              (9 damage)
             ... on level 5 of the Dungeon.
             The game lasted 00:10:34 (3269 turns).

brightshaft the Cudgeller (Gnoll Reaver)            Turns: 3269, Time: 00:10:35

Health: -3/58      AC:  5    Str: 16    XL:     7   Next: 75%
Magic:  5/16       EV: 13    Int: 15    God:    Ashenzari [*.....]
Gold:   173        SH:  0    Dex: 10    Spells: 10/19 levels left

rFire   + . .      SeeInvis .    b - +11 arbalest of Ouranomancy {speed, rF+ Str+3, Self, Alch} (curse)
rCold   . . .      Faith    .    (shield currently unavailable)
rNeg    . . .      Spirit   .    a - +1 robe of Sunlight {rPois Str+2}
rPois   +          Reflect  .    i - +0 helmet
rElec   .          Harm     .    (no cloak)
rCorr   .          Rampage  .    (no gloves)
Will    .....                    d - +0 pair of boots
Stlth   ++........               (no amulet)
HPRegen 0.29/turn                (no ring)
MPRegen 0.15/turn                (no ring)

@: no status effects
A: fangs 1, strong nose, distributed training
a: Renounce Religion, Curse Item, Shatter the Chains


You were on level 5 of the Dungeon.
You worshipped Ashenzari.
Ashenzari was aware of your devotion.
You visited 1 branch of the dungeon, and saw 5 of its levels.

You collected 206 gold pieces.
You spent 33 gold pieces at shops.

Inventory:

Hand Weapons
 b - the cursed +11 arbalest of Ouranomancy (weapon) {speed, rF+ Str+3, Self, Alch}
   (You found it on level 3 of the Dungeon)

   Attacks with this weapon are significantly faster.
   Str:       It affects your strength (+3).
   rF:        It protects you from fire.
   It has a curse which improves the following skills: Introspection: Fighting
   and Spellcasting.
   Alchemy:   Poison Magic and Transmutations.
Armour
 a - the +1 robe of Sunlight (worn) {rPois Str+2}
   (You found it on level 4 of the Dungeon)

   Str:       It affects your strength (+2).
   rPois:     It protects you from poison.
 c - a +0 scale mail
 d - a +0 pair of boots (worn)
 f - a +0 leather armour
 i - a +0 helmet (worn)
Scrolls
 e - 3 scrolls of identify {@r1}
 j - a scroll of immolation
 l - 2 scrolls of teleportation {@r4}
 m - a scroll of blinking
 n - a scroll of poison
 q - a scroll of silence
Potions
 g - 2 potions of haste {@q3}
 h - 4 potions of might
 k - 2 potions of degeneration
 o - a potion of heal wounds {@q2}
 p - a potion of curing {@q1}


   Skills:
 + Level 5.4(6.2) Fighting
 + Level 2.8 Short Blades
 + Level 2.8 Long Blades
 + Level 2.8 Axes
 + Level 7.1 Maces & Flails
 + Level 2.8 Polearms
 + Level 2.8 Staves
 + Level 2.8 Ranged Weapons
 + Level 2.8 Throwing
 + Level 2.8 Armour
 + Level 5.4 Dodging
 + Level 2.8 Stealth
 + Level 2.8 Shields
 + Level 2.8 Unarmed Combat
 + Level 5.8(6.6) Spellcasting
 + Level 5.9 Conjurations
 + Level 2.2 Hexes
 + Level 2.2 Summonings
 + Level 2.2 Necromancy
 + Level 2.2 Translocations
 + Level 2.2(3.0) Transmutations
 + Level 2.2 Fire Magic
 + Level 2.2 Ice Magic
 + Level 2.2 Air Magic
 + Level 2.2 Earth Magic
 + Level 2.2(3.0) Poison Magic
 + Level 3.1 Invocations
 + Level 2.8 Evocations


You had 10 spell levels left.
You knew the following spells:

 Your Spells              Type           Power      Damage    Failure   Level
a - Kiss of Death         Conj/Necr      68%        2d10      2%          1
b - Momentum Strike       Conj/Tloc      34%        3d8       3%          2
c - Vampiric Draining     Necr           11%        2d6       16%         3
d - Hailstorm             Conj/Ice       17%        3d6       8%          3

Your spell library contained the following spells:

 Spells                   Type           Power      Damage    Failure   Level
 Beastly Appendage        Tmut           26%        N/A       4%          1
 Necrotise                Necr           44%        1d6       5%          1
 Wereblood                Tmut           13%        N/A       6%          2
 Spider Form              Tmut/Pois      13%        N/A       12%         3
 Agony                    Necr           11%        N/A       83%         5


Dungeon Overview and Level Annotations

Branches:
Dungeon (5/15)
 Temple: D:4-7

Altars:
Ashenzari

Shops:
D:4 !

Annotations:
D:5 Duvessa


Innate Abilities, Weirdness & Mutations

You have very sharp teeth.
Your uncanny sense of smell can sniff out nearby items.
Your experience applies equally to all skills.


Message History

You shoot a bolt. The bolt barely misses Duvessa.
The bolt barely misses the centaur.
Duvessa completely misses you.
You shoot a bolt. The bolt barely misses the centaur.
Duvessa hits you with a +0 short sword.
The centaur unwields a +0 shortbow.
The centaur barely misses you. The centaur kicks you.
Duvessa hits you with a +0 short sword!
You are too injured to fight recklessly!
Aiming: Vampiric Draining (dangerous; 16% risk of failure)
Press: ? - help, Q - select action, (/) - cycle Shift-Dir - straight line, f - Duvessa, p - centaur
Aim: Duvessa, wielding a +0 short sword and wearing a +0 ring mail (berserk, fast)
Okay, then.
Aiming: Vampiric Draining (dangerous; 16% risk of failure)
Press: ? - help, Q - select action, (/) - cycle Shift-Dir - straight line, f - Duvessa, p - centaur
Aim: Duvessa, wielding a +0 short sword and wearing a +0 ring mail (berserk, fast)
Okay, then.
You are too injured to fight recklessly!
Aiming: Vampiric Draining (dangerous; 16% risk of failure)
Press: ? - help, Q - select action, (/) - cycle Shift-Dir - straight line, f/p - centaur
Aim: a centaur (moderately wounded)
You draw life force from the centaur.
You feel life coursing into your body. The centaur hits you.
The centaur barely misses you. Duvessa misses you. The centaur hits you.
The centaur misses you. Duvessa hits you with a +0 short sword!
* * * LOW HITPOINT WARNING * * *
Aiming: Vampiric Draining (dangerous; 16% risk of failure)
Press: ? - help, Q - select action, (/) - cycle Shift-Dir - straight line, f/p - centaur
Aim: a centaur (heavily wounded)
You draw life force from the centaur.
You feel life coursing into your body. The centaur misses you.
The centaur kicks you but does no damage.
Duvessa hits you with a +0 short sword.
* * * LOW HITPOINT WARNING * * *
Aiming: Vampiric Draining (dangerous; 16% risk of failure)
Press: ? - help, Q - select action, (/) - cycle Shift-Dir - straight line, f/p - centaur
Aim: a centaur (severely wounded)
You draw life force from the centaur.
You kill the centaur!
You feel life coursing into your body. Duvessa closely misses you.
Duvessa hits you with a +0 short sword!
You die...

#........
#.......#
#.......# ##
#...)...#...
#...........
####...........
#.....)e.......
#......@..[...#
#..........#.##
####.....######
...........##
............###
...#..........#
....#...##...#..
.....#..##).#...
......#....#....


You could see Duvessa (berserk, fast).

Vanquished Creatures
  Sigmund (D:3)
  An orc warrior (D:4)
  A centaur (D:5)
  A phantom (D:4)
  A scorpion (D:4)
  A necrophage (D:4)
  Dowan (D:5)
  An orc priest (D:4)
  An iguana (D:4)
  An orc wizard (D:4)
  4 gnolls (D:3)
  4 adders
  A worm (D:4)
  A dart slug (D:1)
  6 orcs (D:4)
  8 ball pythons
  4 endoplasms
  2 giant cockroaches
  5 goblins
  4 hobgoblins
  6 quokkas
  3 bats
  6 frilled lizards
  6 kobolds (D:1)
  4 rats
74 creatures vanquished.

Notes
Turn   | Place    | Note
-------+----------+-------------------------------------------
     0 | D:1      | brightshaft the Gnoll Reaver began the quest for the Orb.
     0 | D:1      | Reached XP level 1. HP: 20/20 MP: 6/6
   202 | D:1      | Reached XP level 2. HP: 24/26 MP: 7/7
   784 | D:2      | Reached skill level 5 in Spellcasting
   784 | D:2      | Reached XP level 3. HP: 29/30 MP: 7/9
   787 | D:2      | Learned a level 2 spell: Momentum Strike
   980 | D:2      | Reached skill level 1 in Invocations
  1091 | D:2      | Reached skill level 1 in Short Blades
  1091 | D:2      | Reached skill level 1 in Long Blades
  1091 | D:2      | Reached skill level 1 in Axes
  1091 | D:2      | Reached skill level 1 in Polearms
  1091 | D:2      | Reached skill level 1 in Staves
  1091 | D:2      | Reached skill level 1 in Ranged Weapons
  1091 | D:2      | Reached skill level 1 in Throwing
  1091 | D:2      | Reached skill level 1 in Armour
  1091 | D:2      | Reached skill level 1 in Stealth
  1091 | D:2      | Reached skill level 1 in Shields
  1091 | D:2      | Reached skill level 1 in Unarmed Combat
  1091 | D:2      | Reached skill level 1 in Evocations
  1541 | D:3      | Identified the +11 arbalest of Okawaru's Regard {speed, rF+
                  | Str+3}
  1655 | D:3      | Reached XP level 4. HP: 35/38 MP: 11/11
  1767 | D:3      | Noticed Sigmund
  1782 | D:3      | Killed Sigmund
  1783 | D:3      | Reached skill level 1 in Hexes
  1783 | D:3      | Reached skill level 1 in Summonings
  1783 | D:3      | Reached skill level 1 in Necromancy
  1783 | D:3      | Reached skill level 1 in Translocations
  1783 | D:3      | Reached skill level 1 in Transmutations
  1783 | D:3      | Reached skill level 1 in Fire Magic
  1783 | D:3      | Reached skill level 1 in Ice Magic
  1783 | D:3      | Reached skill level 1 in Air Magic
  1783 | D:3      | Reached skill level 1 in Earth Magic
  1783 | D:3      | Reached skill level 1 in Poison Magic
  1783 | D:3      | Reached XP level 5. HP: 7/43 MP: 7/12
  1783 | D:3      | Reached XP level 6. HP: 8/50 MP: 7/13
  1950 | D:3      | You fall into a shaft and drop 1 floor!
  1957 | D:4      | Reached skill level 5 in Fighting
  1957 | D:4      | Reached skill level 5 in Dodging
  2325 | D:3      | Identified the +1 short sword "Ilagruol" {flame, rElec rC+
                  | rN+}
  2364 | D:3      | Found a faded altar of an unknown god.
  2530 | D:3      | Prayed at the altar of an unknown god.
  2530 | D:3      | Became a worshipper of Ashenzari the Shackled
  2539 | D:3      | Reached * piety under Ashenzari
  2570 | D:4      | Found Utzakkon's Distillery.
  2627 | D:4      | Identified the +1 robe of Sunlight {rPois Str+2}
  2629 | D:4      | Noticed an orc warrior
  2633 | D:4      | Killed an orc warrior
  2635 | D:4      | Reached skill level 7 in Maces & Flails
  2635 | D:4      | Reached XP level 7. HP: 50/58 MP: 16/16
  2837 | D:4      | Learned a level 3 spell: Vampiric Draining
  2841 | D:4      | Learned a level 3 spell: Hailstorm
  3074 | D:4      | Bought a potion of curing for 33 gold pieces
  3198 | D:5      | Entered Level 5 of the Dungeon
  3258 | D:5      | Noticed Dowan
  3259 | D:5      | Noticed Duvessa
  3262 | D:5      | Killed Dowan
  3269 | D:5      | Slain by Duvessa

Illustrated notes

Levels and vault maps discovered:
D:1:      roderic_dead_forest, layout_loops_ring, serial_forest,
          infiniplex_forest_straight_2, infiniplex_forest_zigzag_1,
          infiniplex_forest_lined_3, infiniplex_forest_clump_curved,
          infiniplex_forest_corner_1, chequers_decorated_corner,
          minmay_tetromino_t2
D:2:      layout_basic
D:3:      layout_loops_cross, shapermc_ecumenical_altar_hornbeckon,
          grunt_decor_clamped, minmay_stone_trees_small, uniq_sigmund
D:4:      layout_gridville, nicolae_inconvenience_store
D:5:      layout_basic, st_stairs_4, minivault_26, serial_bayou_crossing,
          uniq_duvessa

Skill      XL: |  1  2  3  4  5  6  7 |
---------------+----------------------+-----
Spellcasting   | 5 |  5.8
Invocations    | 1 2 3 |  3.1
Short Blades   | 1 2 |  2.8
Long Blades    | 1 2 |  2.8
Axes           | 1 2 |  2.8
Polearms       | 1 2 |  2.8
Staves         | 1 2 |  2.8
Ranged Weapons | 1 2 |  2.8
Throwing       | 1 2 |  2.8
Armour         | 1 2 |  2.8
Stealth        | 1 2 |  2.8
Shields        | 1 2 |  2.8
Unarmed Combat | 1 2 |  2.8
Evocations     | 1 2 |  2.8
Hexes          | 1 2 |  2.2
Summonings     | 1 2 |  2.2
Necromancy     | 1 2 |  2.2
Translocations | 1 2 |  2.2
Transmutations | 1 2 |  2.2
Fire Magic     | 1 2 |  2.2
Ice Magic      | 1 2 |  2.2
Air Magic      | 1 2 |  2.2
Earth Magic    | 1 2 |  2.2
Poison Magic   | 1 2 |  2.2
Fighting       | 5 |  5.4
Dodging        | 5 |  5.4
Maces & Flails | 7 |  7.1
Conjurations   | |  5.9

Action                   |  1- 3 |  4- 6 |  7- 9 || total
-------------------------+-------+-------+-------++-------
Melee: Mace              |    84 |       |       ||    84
       Bite              |     5 |       |       ||     5
       Punch             |     1 |       |       ||     1
 Fire: Arbalest          |    13 |    42 |    30 ||    85
 Cast: Kiss of Death     |     1 |       |       ||     1
       Momentum Strike   |     6 |     2 |       ||     8
       Vampiric Draining |       |       |     3 ||     3
       Hailstorm         |       |       |     3 ||     3
Invok: Curse Item        |       |     1 |       ||     1
  Use: Scroll            |     4 |       |       ||     4
Armor: Leather armour    |    23 |       |       ||    23
       Scale mail        |     2 |       |       ||     2
       Robe              |       |       |     1 ||     1
Dodge: Dodged            |    64 |     5 |     9 ||    78

Table legend: (Time is in decaauts)
 A = Elapsed time spent in this place.
 B = Non-inter-level travel time spent in this place.
 C = Inter-level travel time spent in this place.
 D = Time resting spent in this place.
 E = Time spent auto-exploring this place.
 F = Levels seen in this place.
 G = Mean time per level.
                   A        B        C        D        E       F      G
               +--------+--------+--------+--------+--------+-----+--------+
         Total |   3305 |   3132 |    173 |      0 |   2617 |   5 |  661.0 |
       Dungeon |   3305 |   3132 |    173 |      0 |   2617 |   5 |  661.0 |
               +--------+--------+--------+--------+--------+-----+--------+

Top non-repeatable levels by time:
     D:3: 1039 daAuts
     D:2: 798 daAuts
     D:1: 728 daAuts
     D:4: 667 daAuts
     D:5: 71 daAuts
